 Dungeon Crawl Stone Soup version 0.20-a0-700-gbd4582c (webtiles) character file.

2342 Firecrotchwizard the Fighter (level 9, -4/82 HPs)
             Began as a Minotaur Fighter on Feb 21, 2017.
             Was a Follower of Okawaru.
             Killed from afar by an electric eel (12 damage)
             ... with a bolt of electricity
             ... on level 7 of the Dungeon.
             The game lasted 00:14:20 (6910 turns).

Firecrotchwizard the Fighter (Minotaur Fighter)     Turns: 6910, Time: 00:14:20

Health: -4/82      AC: 17    Str: 20    XL:     9   Next: 20%
Magic:  9/9        EV:  6    Int:  5    God:    Okawaru [*.....]
Gold:   195        SH: 11    Dex: 14    Spells: 8/8 levels left

rFire    . . .     SeeInvis .   a - +1 war axe
rCold    . . .     Gourm    .   p - +1 plate armour
rNeg     . . .     Faith    .   c - +0 shield
rPois    .         Spirit   .   E - +2 hat
rElec    .         Reflect  .   y - +0 cloak
rCorr    .         Harm     .   (no gloves)
MR       .....                  (no boots)
Stlth    ..........             (no amulet)
Regen    0.3/turn               (no ring)
MPRegen  0.2/turn               l - ring of wizardry

@: no status effects
A: retaliatory headbutt, horns 2
a: Heroism, Renounce Religion


You were on level 7 of the Dungeon.
You worshipped Okawaru.
Okawaru was aware of your devotion.
You were hungry.

You visited 2 branches of the dungeon, and saw 8 of its levels.
You also visited: Ossuary.

You collected 377 gold pieces.
You spent 182 gold pieces at shops.

Inventory:

Hand Weapons
 a - a +1 war axe (weapon)
Missiles
 n - 2 tomahawks (quivered)
Armour
 b - a +0 scale mail
 c - a +0 shield (worn)
 p - a +1 plate armour (worn)
 y - a +0 cloak (worn)
 E - a +2 hat (worn)
Jewellery
 l - a ring of wizardry (left hand)
Wands
 v - a wand of iceblast (15/15)
Scrolls
 e - 6 scrolls of remove curse
 g - a scroll of amnesia
 h - a scroll of fog
 i - 3 scrolls of magic mapping
 k - 4 scrolls of identify
 q - 2 scrolls of enchant weapon
 r - 2 scrolls of teleportation
 u - 4 scrolls of blinking
Potions
 d - 4 potions of might
 j - a potion of resistance
 m - 3 potions of agility
 o - 2 potions of haste
 s - 5 potions of curing
 t - a potion of cancellation {unknown}
 z - a potion of brilliance
 A - a potion of degeneration {unknown}
 B - 3 potions of ambrosia {unknown}
 C - a potion of mutation {unknown}
Comestibles
 f - 7 bread rations
 w - 2 meat rations
 x - 6 royal jellies


   Skills:
 * Level 8.4 Fighting
 * Level 7.9 Axes
 + Level 6.6 Armour
 - Level 4.4 Dodging
 + Level 7.2 Shields
 + Level 1.9 Invocations


You had 8 spell levels left.
You didn't know any spells.

Dungeon Overview and Level Annotations

Branches:
Dungeon (7/15)             Temple (1/1) D:5

Altars:
Ashenzari
Cheibriados
Dithmenos
Elyvilon
Fedhas
Gozag
Hepliaklqana Ieoh Jian
Kikubaaqudgha
Makhleb
Nemelex Xobeh
Okawaru
Qazlal
Ru
Sif Muna
Vehumet
Xom
Yredelemnul
Zin
The Shining One

Shops:
D:4 [   D:6 !


Innate Abilities, Weirdness & Mutations

You reflexively headbutt those who attack you in melee.
You have a pair of horns on your head.


Message History

Your unstable footing causes you to fumble your attack.
The electric eel shoots out a bolt of lightning at you!
The bolt of electricity hits the plant.
The plant is destroyed!
The bolt of electricity hits you!
The electric eel shoots out a bolt of lightning at you!
The bolt of electricity hits you!
* * * LOW HITPOINT WARNING * * *
You closely miss the electric eel. You barely miss the electric eel.
The electric eel shoots out a bolt of lightning at you!
The bolt of electricity hits you!
* * * LOW HITPOINT WARNING * * *
You miss the electric eel. You hit the electric eel.
The electric eel shoots out a bolt of lightning at you!
The bolt of electricity hits you!
* * * LOW HITPOINT WARNING * * *
You feel better.
The electric eel shoots out a bolt of lightning at you!
The bolt of electricity hits you!
You die...

#.........♣
#.........P≈ P≈≈≈≈≈≈
#...##...##♣≈
≈≈≈≈≈≈≈ #...# #...#
.≈ ≈≈≈≈≈≈≈ #...#
#...# #≈ ≈≈≈≈≈≈≈
#.....###...# #≈
≈≈≈≈P≈≈
............#
≈♣≈≈≈≈≈≈≈
........####;;P≈≈≈≈≈
........##..@♣
.......<.....♣
..............♣
..............≈P≈
...............≈P♣
.........##..#..≈≈≈
.......#####......#
....##. #.....##
..## ## ..##


You could see 2 electric eels.

Vanquished Creatures
  Grinder (D:5)
  A water moccasin (D:5)
  4 ogres
  A sky beast (D:6)
  2 ice beasts
  The ghost of MetaCosm the Shield-Bearer, an amateur FoFi (D:4)
  2 centaurs
  A bullfrog (D:3)
  2 scorpions
  A crimson imp (D:5)
  A centaur skeleton (D:4)
  2 hounds (D:4)
  A jelly (D:6)
  2 orc priests (D:4)
  7 orc wizards
  A bullfrog skeleton (D:6)
  2 iguanas
  4 worker ants
  A big kobold zombie (Ossuary)
  8 mummies (Ossuary)
  A worker ant zombie (D:6)
  Robin (D:3)
  A howler monkey zombie (D:5)
  4 gnolls
  11 adders
  A shadow imp (D:5)
  2 oozes (D:4)
  An adder zombie (D:6)
  5 worms
  9 dart slugs
  4 leopard geckos
  24 orcs
  3 ball pythons
  5 bats
  9 giant cockroaches
  3 gnoll zombies (Ossuary)
  22 goblins
  5 hobgoblins
  6 quokkas
  4 frilled lizards
  A hobgoblin zombie (Ossuary)
  6 kobolds
  A kobold zombie (Ossuary)
  2 orc zombies (Ossuary)
  10 rats
186 creatures vanquished.

Vanquished Creatures (others)
  A plant (D:7)
1 creature vanquished.

Grand Total: 187 creatures vanquished

Notes
Turn   | Place    | Note
-------+----------+-------------------------------------------
     0 | D:1      | Firecrotchwizard the Minotaur Fighter began the quest for the Orb.
     0 | D:1      | Reached XP level 1. HP: 19/19 MP: 0/0
    92 | D:1      | Reached XP level 2. HP: 6/27 MP: 1/1
   735 | D:1      | Reached skill level 4 in Fighting
   776 | D:1      | Reached XP level 3. HP: 33/33 MP: 2/2
  1766 | D:2      | Reached XP level 4. HP: 39/40 MP: 3/3
  2162 | D:3      | Noticed a bullfrog
  2167 | D:3      | Reached skill level 1 in Dodging
  2169 | D:3      | Killed a bullfrog
  2169 | D:3      | Reached XP level 5. HP: 35/47 MP: 4/4
  2310 | D:3      | Noticed Robin
  2322 | D:3      | Killed Robin
  2326 | D:3      | Reached skill level 5 in Shields
  2330 | D:3      | Reached skill level 5 in Fighting
  2419 | D:3      | Reached XP level 6. HP: 56/56 MP: 5/5
  2718 | D:3      | Found a glowing golden altar of the Shining One.
  2876 | D:4      | Noticed MetaCosm's ghost (amateur FoFi)
  2884 | D:4      | Killed MetaCosm's ghost
  2884 | D:4      | Reached skill level 5 in Armour
  3049 | D:4      | Reached skill level 5 in Axes
  3049 | D:4      | Reached XP level 7. HP: 14/62 MP: 6/6
  3155 | D:4      | Reached skill level 6 in Fighting
  3732 | D:4      | Found Acsubaf's Antique Armour Shop.
  4007 | D:4      | Reached XP level 8. HP: 71/71 MP: 7/7
  4202 | D:5      | Entered Level 5 of the Dungeon
  4219 | D:5      | Reached skill level 7 in Fighting
  5113 | D:5      | Found a staircase to the Ecumenical Temple.
  5117 | Temple   | Entered the Ecumenical Temple
  5178 | Temple   | Became a worshipper of Warmaster Okawaru
  5291 | D:5      | Noticed Grinder
  5309 | D:5      | Killed Grinder
  5883 | D:6      | Found a sand-covered staircase.
  5894 | Ossuary  | Entered an ossuary
  5962 | Ossuary  | Reached skill level 1 in Invocations
  5967 | Ossuary  | Reached skill level 8 in Fighting
  5977 | Ossuary  | Reached * piety under Okawaru
  6134 | D:6      | Reached XP level 9. HP: 78/81 MP: 8/8
  6209 | D:6      | Found an ancient bone altar of Kikubaaqudgha.
  6403 | D:6      | Found Etud's Distillery.
  6761 | D:4      | Bought a runed hat for 182 gold pieces
  6908 | D:7      | HP: 4/82 [electric eel/bolt of electricity (10)]
  6909 | D:7      | HP: 1/82 [electric eel/bolt of electricity (3)]
  6910 | D:7      | Killed from afar by an electric eel

Vault maps used:
D:1:      sevenhm_arrival_forest_fort_large_2
D:2:      minmay_rat_gold_closets
D:3:      tso_altar, uniq_robin
D:4:      serial_shops, nicolae_shop_temple_entry_statues_fountains,
          st_stairs_13, minmay_misc_feat_encased
D:5:      temple_hall_moat, first_bread, uniq_grinder
D:6:      lemuel_crystal_altar, nicolae_ossuary_entry_ruins, serial_shops,
          nicolae_shop_behind_doors, minivault_25
D:7:      nicolae_overflow_crystal_walls, grunt_ministairs_8,
          serial_bayou_lake_a
Temple:   hc_temple_tempest_star
Ossuary:  ossuary_tomb_3

Skill      XL: |  1  2  3  4  5  6  7  8 |
---------------+-------------------------+-----
Shields        | 4 5 6 7 |  7.2
Fighting       | 4 5 6 8 |  8.4
Armour         | 4 5 6 |  6.6
Axes           | 3 4 5 6 7 |  7.9
Dodging        | 1 2 3 4 |  4.4
Invocations    | 1 |  1.9

Action                   |  1- 3 |  4- 6 |  7- 9 || total
-------------------------+-------+-------+-------++-------
Melee: War axe           |    80 |   153 |   301 ||   534
       Headbutt          |    12 |    29 |    50 ||    91
  Use: Scroll            |       |     1 |    15 ||    16
       Potion            |       |       |     1 ||     1
 Stab: Distracted        |       |       |     1 ||     1
  Eat: Chunk             |     3 |     4 |     9 ||    16
       Fruit             |       |       |     4 ||     4
Armor: Scale mail        |    20 |       |       ||    20
       Plate armour      |     2 |    96 |   115 ||   213
Dodge: Dodged            |    20 |    28 |    57 ||   105
Block: Shield            |    38 |    88 |   145 ||   271
